 Dungeon Crawl Stone Soup version 0.21.1-1-g345015f (webtiles) character file.

337 inc the Ducker (level 6, -2/30 HPs)
             Began as a Felid Chaos Knight on Feb 23, 2018.
             Slain by a thrashing horror (14 damage)
             ... on level 1 of the Abyss.
             The game lasted 00:08:27 (5325 turns).

inc the Ducker (Felid Chaos Knight)                 Turns: 5325, Time: 00:08:28

Health: -2/30      AC:  3    Str:  8    XL:     6   Next: 28%
Magic:  7/7        EV: 23    Int: 16    God:    Xom [..*...]
Gold:   358        SH:  4    Dex: 15    Spells: 5/5 levels left
                                        Lives:  0   Deaths: 2

rFire    . . .     SeeInvis +     - Unarmed
rCold    + . .     Gourm    .   (shield unavailable)
rNeg     . . .     Faith    .   (armour unavailable)
rPois    .         Spirit   .   (helmet unavailable)
rElec    .         Reflect  +   (cloak unavailable)
rCorr    .         Harm     .   (gloves unavailable)
MR       .....                  (boots unavailable)
Stlth    ++........             o - +4 amulet of reflection
HPRegen  0.10/turn              n - ring of protection from cold
MPRegen  0.10/turn              s - +1 ring of protection

@: quick
A: very small, no armour, no weapons or thrown items, stealth, claws 1, fangs 3,
see invisible, carnivore, speed 1, shaggy fur 2, slow metabolism 1, sharp paws
a: Renounce Religion


You were on level 1 of the Abyss.
You worshipped Xom.
You were a toy of Xom.
You were not hungry.

You visited 1 branch of the dungeon, and saw 6 of its levels.
You visited the Abyss 1 time.

You collected 358 gold pieces.

Inventory:

Jewellery
 b - a +1 ring of evasion
 e - an uncursed amulet of magic regeneration
 i - an uncursed amulet of rage
 n - a ring of protection from cold (left paw)
 o - a +4 amulet of reflection (around neck)
 p - an uncursed ring of see invisible
 s - a +1 ring of protection (right paw)
Wands
 m - a wand of acid (5)
Scrolls
 c - 3 scrolls of teleportation {unknown}
 d - 3 scrolls of identify
 f - 6 scrolls of remove curse
 g - 2 scrolls of fog {unknown}
 h - 2 scrolls of magic mapping {unknown}
 l - 2 scrolls of enchant weapon {unknown}
Potions
 k - a potion of might {unknown}
 q - 3 potions of flight {unknown}
 r - a potion of magic
Books
 j - a book of Frost

   Spells                             Type                      Level
   a - Freeze                         Ice                          1
   b - Throw Frost                    Conjuration/Ice              2
   c - Ozocubu's Armour               Charms/Ice                   3
   d - Throw Icicle                   Conjuration/Ice              4
   e - Summon Ice Beast               Ice/Summoning                4
Comestibles
 a - 6 rations


   Skills:
 + Level 4.9 Fighting
 - Level 7.7 Dodging
 - Level 6.1 Unarmed Combat


You had 5 spell levels left.
You didn't know any spells.

Dungeon Overview and Level Annotations

Branches:
Dungeon (6/15)             Temple (0/1) D:5

Altars:
Hepliaklqana
Kikubaaqudgha
Makhleb
Ru
Trog
Vehumet

Annotations:
D:4 Eustachio


Innate Abilities, Weirdness & Mutations

You cannot wear armour.
You are incapable of wielding weapons or throwing items.
Your paws allow you to move quietly. (Stealth)
You have sharp claws.
You have razor-sharp teeth.
You have supernaturally acute eyesight. (SInv)
You are carnivorous and can eat meat at any time.
You cover ground quickly.
You are covered in thick fur. (AC +2)
You have a slow metabolism.
Your sharp claws are effective at attacking unaware monsters.


Message History

The thrashing horror roars!
The thrashing horror completely misses you.
The thrashing horror barely misses you.
The thrashing horror closely misses you.
The thrashing horror barely misses you.
The thrashing horror completely misses you.
The thrashing horror closely misses you.
You block the thrashing horror's attack. x2
The thrashing horror roars!
The thrashing horror tramples you.
You stumble backwards!
The thrashing horror tramples you!
You hold your ground!
The thrashing horror tramples you.
You hold your ground!
The thrashing horror closely misses you.
The thrashing horror misses you.
The thrashing horror roars!
The thrashing horror misses you.
The thrashing horror closely misses you.
The thrashing horror tramples you!
You die...
Xom howls with laughter!

. . . . .## .# #
..#. . # . .####
..# #..### .. . .#
. #...# .. . . ..
. #@###### .## #
#ยง .##.X#.#.#
.### #. ##.#.....#
. ) #. ##
##....####.# . #.
# #..#.## #..# .
#.. .........###..
...
.#.##..###...#..##
# .. #
#.#....###..# .
... #..##..#.# .##


You could see a thrashing horror.

Vanquished Creatures
  Duvessa (D:5)
  A sky beast (D:5)
  An ogre (D:6)
  A bullfrog (D:6)
  Dowan (D:5)
  A crimson imp (D:5)
  3 hounds
  A jelly (D:6)
  2 worker ants
  2 orc wizards
  2 gnolls
  6 adders
  An ooze (D:5)
  A worm (D:2)
  A dart slug (D:2)
  4 leopard geckos
  11 orcs
  7 bats
  A giant cockroach (D:1)
  7 goblins
  4 hobgoblins
  7 quokkas
  3 ball pythons (D:1)
  9 frilled lizards
  5 kobolds
  2 rats
85 creatures vanquished.

Vanquished Creatures (others)
  A human (D:2)
1 creature vanquished.

Grand Total: 86 creatures vanquished

Notes
Turn   | Place    | Note
-------+----------+-------------------------------------------
     0 | D:1      | inc the Felid Chaos Knight began the quest for the Orb.
     0 | D:1      | Reached XP level 1. HP: 10/10 MP: 2/2
   214 | D:1      | XOM: silly message
   439 | D:1      | Reached XP level 2. HP: 12/14 MP: 3/3
   710 | D:1      | XOM is BORED!
   710 | D:1      | XOM: harmless Erth miscast
   783 | D:1      | XOM: harmless Air miscast
  1182 | D:2      | XOM: butterfly on damage
  1515 | D:2      | Found a hazy altar of Hepliaklqana.
  1536 | D:2      | XOM: silly message
  1537 | D:2      | Reached XP level 3. HP: 17/17 MP: 4/4
  1629 | D:2      | Found an ancient bone altar of Kikubaaqudgha.
  1629 | D:2      | Noticed a human
  1635 | D:2      | Killed a human
  1695 | D:2      | XOM: silly message
  1795 | D:2      | Reached skill level 5 in Unarmed Combat
  1795 | D:2      | Reached XP level 4. HP: 18/21 MP: 5/5
  1907 | D:2      | Found a radiant altar of Vehumet.
  1909 | D:2      | Found a burning altar of Makhleb.
  1929 | D:2      | XOM: medium Air miscast
  2498 | D:3      | Found a bloodstained altar of Trog.
  2552 | D:3      | XOM: harmless Chrm miscast
  3173 | D:4      | XOM: butterfly on damage
  3174 | D:4      | XOM: potion effect (heal wounds)
  3189 | D:4      | XOM: divination: magic mapping
  3204 | D:5      | XOM: stealth player
  3204 | D:5      | Entered Level 5 of the Dungeon
  3249 | D:5      | Reached XP level 5. HP: 5/24 MP: 6/6
  3256 | D:5      | HP: 1/24 [poisoned by a worker ant]
  3405 | D:5      | XOM: potion effect (haste)
  3412 | D:4      | XOM: butterfly on damage
  3421 | D:4      | XOM: potion effect (curing)
  3534 | D:4      | XOM: mild Hex miscast
  3736 | D:5      | Noticed Dowan
  3745 | D:5      | Noticed Duvessa
  3747 | D:5      | XOM: potion effect (curing)
  3750 | D:5      | XOM: potion effect (agility)
  3756 | D:5      | Killed Dowan
  3756 | D:5      | Reached skill level 4 in Dodging
  3763 | D:5      | Killed Duvessa
  3763 | D:5      | Reached skill level 5 in Dodging
  3763 | D:5      | Gained mutation: You are covered in thick fur. (AC +2) [Felid growth]
  3763 | D:5      | Reached XP level 6. HP: 26/28 MP: 7/7
  3796 | D:5      | XOM: harmless Necr miscast
  3855 | D:5      | Noticed a sky beast
  3866 | D:5      | Killed a sky beast
  3866 | D:5      | Reached skill level 6 in Dodging
  3886 | D:5      | Reached skill level 7 in Dodging
  4063 | D:5      | Reached XP level 7. HP: 23/31 MP: 8/8
  4207 | D:4      | Noticed Eustachio
  4466 | D:5      | XOM: harmless Hex miscast
  4495 | D:5      | Found a staircase to the Ecumenical Temple.
  4535 | D:5      | Killed from afar by an orc priest
  4536 | D:5      | Reached XP level 6. HP: 0/28 MP: 7/7
  4590 | D:5      | XOM: confuse monster(s)
  4884 | D:6      | Found a sacrificial altar of Ru.
  4929 | D:6      | XOM: enchant monster (good)
  4993 | D:6      | Slain by an ogre
  4994 | D:6      | Reached XP level 5. HP: -4/25 MP: 6/6
  5020 | D:6      | Killed an ogre
  5020 | D:6      | Reached XP level 6. HP: 29/29 MP: 7/7
  5205 | D:6      | XOM: medium Tloc miscast
  5205 | D:6      | Cast into level 1 of the Abyss (the capriciousness of Xom)
  5246 | Abyss:1  | XOM: harmless Ice miscast
  5249 | Abyss:1  | Noticed a lich
  5319 | Abyss:1  | Noticed a thrashing horror
  5319 | Abyss:1  | XOM: cast spell 'Cause Fear'
  5325 | Abyss:1  | Slain by a thrashing horror

Skill      XL: |  1  2  3  4  5  6 |
---------------+-------------------+-----
Unarmed Combat | 4 5 6 |  6.1
Dodging        | 5 7 |  7.7
Fighting       | 4 |  4.9

Action                   |  1- 3 |  4- 6 |  7- 9 || total
-------------------------+-------+-------+-------++-------
Melee: Unarmed           |    92 |   203 |    18 ||   313
       Bite              |    11 |    11 |     2 ||    24
       Punch             |     4 |     1 |       ||     5
  Use: Potion            |     3 |     6 |       ||     9
       Scroll            |       |     3 |       ||     3
 Stab: Sleeping          |     5 |     4 |       ||     9
       Paralysed         |       |     2 |       ||     2
       Distracted        |       |     1 |       ||     1
  Eat: Chunk             |     2 |     4 |       ||     6
       Ration            |       |     1 |       ||     1
Armor: Skin              |     3 |    25 |       ||    28
Dodge: Dodged            |    76 |   155 |    12 ||   243
Block: Other             |       |     2 |       ||     2
